 Dungeon Crawl Stone Soup version 0.26-a0-497-g0187308201 (webtiles) character file.

Game seed: 15920951927208452043

258 ANON1729 the Chucker (level 6, -5/63 HPs)
             Began as an Ogre Hunter on Aug 6, 2020.
             Slain by Pikel
             ... wielding a +2 whip of freezing
              (7 damage)
             ... on level 4 of the Dungeon.
             The game lasted 00:04:06 (3246 turns).

ANON1729 the Chucker (Ogre Hunter)                  Turns: 3246, Time: 00:04:07

Health: -5/63      AC:  3    Str: 17    XL:     6   Next: 16%
Magic:  15/15      EV: 10    Int: 12    God:
Gold:   148        SH:  0    Dex: 11    Spells: 5/5 levels left

rFire    . . .     SeeInvis .   a - +0 short sword
rCold    . . .     Faith    .   (no shield)
rNeg     . . .     Spirit   .   b - +0 robe
rPois    .         Reflect  .   (helmet restricted)
rElec    .         Harm     .   (no cloak)
rCorr    .                      (gloves unavailable)
MR       .....                  (boots unavailable)
Stlth    ++........             (no amulet)
HPRegen  0.20/turn              h - ring of magical power
MPRegen  0.14/turn              (no ring)

@: mighty
A: large, unfitting armour, tough skin 1
a: no special abilities


You were on level 4 of the Dungeon.
You visited 1 branch of the dungeon, and saw 4 of its levels.

You collected 148 gold pieces.

Inventory:

Hand Weapons
 a - a +0 short sword (weapon)
Missiles
 j - 7 poisoned darts (quivered)
Armour
 b - a +0 robe (worn)
Jewellery
 h - a ring of magical power (left hand)
Scrolls
 e - a scroll of teleportation {unknown}
 i - 2 scrolls of remove curse {unknown}
 k - a scroll of fear {unknown}
 l - 3 scrolls of identify {unknown}
 m - a scroll of amnesia {unknown}


   Skills:
 + Level 4.6 Fighting
 + Level 5.0 Throwing
 + Level 3.1 Dodging
 + Level 2.4 Stealth


You had 5 spell levels left.
You didn't know any spells.
Your spell library was empty.

Dungeon Overview and Level Annotations

Branches:
Dungeon (4/15)
 Temple: D:4-7

Altars:

Annotations:
D:4 Pikel


Innate Abilities, Weirdness & Mutations

You are too large for most types of armour.
You have tough skin. (AC +1)


Message History

You feel much better. The lemure hits you!
Pikel hits you with a +2 whip of freezing!
Pikel freezes you.
It was a potion of magic.
Magic courses through your body. The lemure barely misses you.
Pikel hits you with a +2 whip of freezing!
* * * LOW HITPOINT WARNING * * *
Pikel freezes you.
* * * LOW HITPOINT WARNING * * *
It was a potion of might.
You feel very mighty all of a sudden. The lemure hits you.
* * * LOW HITPOINT WARNING * * *
Pikel closely misses you.
You closely miss Pikel.
Pikel is heavily wounded.
The lemure looks more healthy.
The lemure hits you.
* * * LOW HITPOINT WARNING * * *
Pikel hits you with a +2 whip of freezing!
You die...

..555K.<(#
#.######(#
#)# #(#
#5# #5# #
# #5#
....#.##K#
#....l5@.#
#####.####
#


You could see Pikel (very poisoned), 4 lemures and a frilled lizard.

Vanquished Creatures
  An ice beast (D:2)
  Terence (D:2)
  Natasha (twice) (D:2)
  3 adders
  3 worms
  3 dart slugs
  2 leopard geckos
  2 orcs
  4 giant cockroaches
  3 goblins
  8 hobgoblins
  12 kobolds
  2 ball pythons
  2 bats
  A frilled lizard (D:4)
  2 rats
51 creatures vanquished.

Notes
Turn   | Place    | Note
-------+----------+-------------------------------------------
     0 | D:1      | ANON1729 the Ogre Hunter began the quest for the Orb.
     0 | D:1      | Reached XP level 1. HP: 22/22 MP: 1/1
   201 | D:1      | Reached XP level 2. HP: 8/29 MP: 2/2
   214 | D:1      | Reached skill level 1 in Stealth
   934 | D:2      | Reached XP level 3. HP: 16/37 MP: 3/3
  1989 | D:2      | Noticed Terence
  2004 | D:2      | Killed Terence
  2004 | D:2      | Reached XP level 4. HP: 39/48 MP: 4/4
  2035 | D:2      | Noticed Natasha
  2049 | D:2      | Killed Natasha
  2392 | D:2      | Noticed an ice beast
  2406 | D:2      | Killed an ice beast
  2406 | D:2      | Reached XP level 5. HP: 14/55 MP: 5/5
  2700 | D:2      | Noticed Natasha
  2703 | D:2      | Killed Natasha
  2703 | D:2      | Reached XP level 6. HP: 63/63 MP: 6/6
  3178 | D:3      | Reached skill level 5 in Throwing
  3205 | D:4      | Noticed Pikel
  3228 | D:4      | HP: 2/63 [Pikel/+2 whip of freezing (2)]
  3246 | D:4      | HP: 2/63 [lemure[Pikel] (4)]
  3246 | D:4      | Slain by Pikel

Illustrated notes

Levels and vault maps discovered:
D:1:      dpeg_arrival_solitude, layout_basic
D:2:      layout_loops_ring, uniq_terence, uniq_natasha
D:3:      layout_rooms, gammafunk_temple_overflow_pools, uniq_robin,
          uniq_grinder
D:4:      layout_loops_corners, grunt_temple_overflow_open,
          minmay_temple_entry_junction, minmay_between, uniq_pikel,
          uniq_blork_the_orc, uniq_sigmund

Skill      XL: |  1  2  3  4  5  6 |
---------------+-------------------+-----
Fighting       | 3 4 |  4.6
Dodging        | 2 3 |  3.1
Stealth        | 1 2 |  2.4
Throwing       | 5 |  5.0

Action                   |  1- 3 |  4- 6 || total
-------------------------+-------+-------++-------
Melee: Short sword       |   137 |    82 ||   219
Throw: Large rock        |    17 |    15 ||    32
       Throwing net      |     3 |       ||     3
       Dart              |       |    11 ||    11
  Use: Potion            |     2 |     5 ||     7
 Stab: Sleeping          |     1 |     1 ||     2
       Held in net/web   |     1 |       ||     1
Armor: Robe              |    24 |    30 ||    54
Dodge: Dodged            |    64 |    68 ||   132

Table legend: (Time is in decaauts)
 A = Elapsed time spent in this place.
 B = Non-inter-level travel time spent in this place.
 C = Inter-level travel time spent in this place.
 D = Time resting spent in this place.
 E = Time spent auto-exploring this place.
 F = Levels seen in this place.
 G = Mean time per level.
                   A        B        C        D        E       F      G
               +--------+--------+--------+--------+--------+-----+--------+
         Total |   3287 |   3263 |     24 |   1702 |   1051 |   4 |  821.8 |
       Dungeon |   3287 |   3263 |     24 |   1702 |   1051 |   4 |  821.8 |
               +--------+--------+--------+--------+--------+-----+--------+

Top non-repeatable levels by time:
     D:2: 2062 daAuts
     D:1: 865 daAuts
     D:3: 316 daAuts
     D:4: 42 daAuts
